 Dungeon Crawl Stone Soup version 0.16-a0-44-gd96af6c (webtiles) character file.

1210 Ololoev the Carver (level 8, -13/56 HPs)
             Began as a Demonspawn Death Knight on Aug 5, 2014.
             Was a Follower of Yredelemnul.
             Mangled by tabulaattori's ghost (18 damage)
             ... on Level 6 of the Dungeon.
             The game lasted 00:25:47 (6896 turns).

Ololoev the Carver (Demonspawn Death Knight)        Turns: 6896, Time: 00:25:48

HP -13/56        AC  8     Str 13      XL: 8   Next: 22%
MP   0/13        EV 10     Int 13      God: Yredelemnul [*.....]
Gold 289         SH  0     Dex 15      Spells:  0 memorised,  7 levels left

rFire  . . .     SeeInvis .     a - +1 falchion
rCold  + . .     Clarity  .     s - +1 leather armour {rC+}
rNeg   . . .     rCorr    .     (no shield)
rPois  .         rRot     .     (no helmet)
rElec  .         Spirit   +     m - +0 cloak
SustAb .         Warding  .     e - +0 pair of gloves (curse)
rMut   .         Stasis   .     (no boots)
Gourm  .                        (no amulet)
MR     .....                    (no ring)
                                v - ring of stealth

@: not resistant to hostile enchantments, unstealthy
A: talons 2, thin metallic scales 1, magic shield
a: Animate Remains, Renounce Religion


You were on level 6 of the Dungeon.
You worshipped Yredelemnul.
Yredelemnul was aware of your devotion.
You were not hungry.

You visited 1 branch of the dungeon, and saw 6 of its levels.

You collected 289 gold pieces.

Inventory:

Hand weapons
 a - a +1 falchion (weapon)
Armour
 e - a cursed +0 pair of gloves (worn)
 m - a +0 cloak (worn)
 s - a +1 leather armour of cold resistance (worn)
Comestibles
 b - a bread ration
 c - a chunk of rat flesh
Scrolls
 d - a scroll of immolation {unknown}
 f - 3 scrolls of teleportation {unknown}
 g - 2 scrolls of amnesia {unknown}
 h - a scroll of recharging {unknown}
 p - 2 scrolls of blinking {unknown}
 q - a scroll of enchant armour {unknown}
 r - 2 scrolls of identify {unknown}
 t - a scroll of fog {unknown}
 u - a scroll of fear {unknown}
Jewellery
 v - a ring of stealth (left hand)
Potions
 i - a potion of resistance {unknown}
 k - a potion of might {unknown}
 l - 2 potions of lignification {unknown}
 n - a potion of degeneration {unknown}
 o - 2 potions of restore abilities {unknown}


   Skills:
 - Level 2.0 Fighting
 + Level 9.2 Long Blades
 - Level 0.8 Armour
 - Level 0.8 Dodging
 - Level 3.6 Invocations


You had 7 spell levels left.
You didn't know any spells.

Dungeon Overview and Level Annotations

Branches:
Dungeon (6/15)
 Temple: D:4-7

Altars:

Annotations:
D:6 tabulaattori's ghost, experienced CeFi


Innate Abilities, Weirdness & Mutations

You have razor-sharp toenails.
You are partially covered in thin metallic scales (AC +2).
When hurt, damage is shared between your health and your magic reserves.


Message History

Tabulaattori's ghost is almost destroyed.
Tabulaattori's ghost hits you!
* * * LOW HITPOINT WARNING * * *
The ooze closely misses you.
Use which ability? (? or * to list)
Okay, then.
You hit tabulaattori's ghost but do no damage.
Tabulaattori's ghost is almost destroyed.
Tabulaattori's ghost hits you!
* * * LOW HITPOINT WARNING * * *
Drink which item? (? for menu, Esc to quit)
You feel better. The ooze barely misses you.
Tabulaattori's ghost hits you but does no damage.
Drink which item? (? for menu, Esc to quit)
You feel better. Tabulaattori's ghost hits you!
* * * LOW HITPOINT WARNING * * *
The ooze barely misses you. Tabulaattori's ghost hits you!!
You die...
Your body rises from the dead as a mindless zombie.

..#......+....# ..'......#....
#......#....
#......#...##########
#....<.#...#........?
#...W..###'#.........
..####+#####'###..............
...............#..............
.............@W'..............
............J.#.....##+######
..............#.....#
..............#.....+
###'#####...##.....# #..
#../####'### .. ..... ..
....... .. ........


You could see an ooze and tabulaattori's ghost.

Vanquished Creatures
  A hungry ghost (D:4)
  A sky beast (D:5)
  A water moccasin (D:5)
  A necrophage (D:5)
  A phantom (D:4)
  An orc warrior (D:5)
  A centaur (D:5)
  A vampire bat (D:3)
  A hound (D:4)
  An orc priest (D:6)
  3 orc wizards
  3 worker ants
  6 adders
  A shadow imp (D:5)
  2 giant mites
  An adder skeleton (D:4)
  3 fire bats (D:3)
  17 orcs
  2 ball pythons
  2 bat skeletons (D:3)
  A bat zombie (D:3)
  6 hobgoblins
  6 jackals (D:5)
  A quokka (D:5)
  13 bats
  A bat simulacrum (D:3)
  8 giant cockroaches
  A giant cockroach zombie (D:5)
  5 giant newts
  6 goblins
  3 kobolds
  An orc skeleton (D:6)
  8 rats
  A plant (D:5)
111 creatures vanquished.

Vanquished Creatures (collateral kills)
  A phantom (D:5)
  An orc wizard (D:2)
  3 bats
  A worm (D:2)
  An orc (D:3)
  2 spectral bats (D:3)
  A bat skeleton (D:3)
  2 giant cockroaches (D:2)
  A goblin (D:2)
  A hobgoblin (D:2)
  A giant newt (D:2)
  A kobold (D:2)
  A rat (D:2)
17 creatures vanquished.

Vanquished Creatures (others)
  A centaur zombie (D:5)
  An adder zombie (D:2)
  A giant mite zombie (D:3)
  A goblin zombie (D:2)
  4 hobgoblin zombies
  3 jackal zombies (D:5)
  4 orc zombies
  A quokka skeleton (D:5)
  A plant (D:5)
17 creatures vanquished.

Grand Total: 145 creatures vanquished

Notes
Turn   | Place    | Note
--------------------------------------------------------------
     0 | D:1      | Ololoev, the Demonspawn Death Knight, began the quest for the Orb.
     0 | D:1      | Reached XP level 1. HP: 16/16 MP: 2/2
   116 | D:1      | You fall through a shaft!
   508 | D:2      | Gained mutation: You have sharp toenails. [demonic ancestry]
   508 | D:2      | Reached XP level 2. HP: 20/22 MP: 4/4
   568 | D:2      | Reached XP level 3. HP: 22/27 MP: 5/5
  1235 | D:2      | Gained mutation: You are partially covered in thin metallic scales (AC +2). [demonic ancestry]
  1235 | D:2      | Reached XP level 4. HP: 15/33 MP: 7/7
  1502 | D:3      | Reached skill level 4 in Long Blades
  1804 | D:3      | Acquired Yredelemnul's second power
  2061 | D:3      | Gained mutation: When hurt, damage is shared between your health and your magic reserves. [demonic ancestry]
  2061 | D:3      | Reached XP level 5. HP: 36/38 MP: 8/8
  2093 | D:3      | Reached skill level 5 in Long Blades
  3012 | D:4      | Noticed a phantom
  3425 | D:4      | Killed a phantom
  3425 | D:4      | Reached skill level 6 in Long Blades
  3425 | D:4      | Reached XP level 6. HP: 23/44 MP: 6/10
  3939 | D:5      | Entered Level 5 of the Dungeon
  4431 | D:5      | Noticed a water moccasin
  4466 | D:5      | Killed a water moccasin
  4466 | D:5      | Reached skill level 7 in Long Blades
  4466 | D:5      | Gained mutation: You have razor-sharp toenails. [demonic ancestry]
  4466 | D:5      | Reached XP level 7. HP: 6/50 MP: 7/11
  5127 | D:5      | Noticed a hungry ghost
  5162 | D:4      | Killed a hungry ghost
  5162 | D:4      | Reached skill level 8 in Long Blades
  5593 | D:5      | Reached XP level 8. HP: 49/56 MP: 10/13
  5647 | D:5      | Reached skill level 9 in Long Blades
  6864 | D:6      | Noticed tabulaattori's ghost (experienced CeFi)
  6893 | D:6      | HP: 1/56 [tabulaattori's ghost (6)]
  6896 | D:6      | Mangled by tabulaattori's ghost

Action                   |  1- 3 |  4- 6 |  7- 9 || total
-------------------------+-------+-------+-------++-------
Melee: Falchion          |    63 |   225 |   176 ||   464
       Flail             |     7 |       |       ||     7
Invok: Animate Remains   |     4 |    12 |     5 ||    21
       Injury Mirror     |       |     4 |     4 ||     8
       Recall Undead Sla |       |     1 |       ||     1
  Use: Scroll            |       |     2 |       ||     2
       Potion            |       |     1 |     2 ||     3
 Stab: Distracted        |     1 |     1 |       ||     2
       Sleeping          |       |     1 |       ||     1
  Eat: Chunk             |     1 |     9 |     2 ||    12
       Beef jerky        |       |     2 |       ||     2
       Bread ration      |       |       |     2 ||     2
       Royal jelly       |       |       |     1 ||     1
